 Dungeon Crawl Stone Soup version 0.29.0-13-gc9e81de378 (webtiles) character file.

Game seed: 12654772958637949284

46 sentinel the Digger (level 4, -8/33 HPs)
             Began as a Meteoran Earth Elementalist on Sept 10, 2022.
             Mangled by an orc warrior
             ... wielding a +0 flail
              (17 damage)
             ... on level 6 of the Dungeon.
             The game lasted 00:01:19 (184 turns).

sentinel the Digger (Meteoran Earth Elementalist)    Turns: 184, Time: 00:01:20

Health: -8/33      AC:  2    Str: 10    XL:     4   Next: 15%
Magic:  9/9        EV: 12    Int: 18    God:
Gold:   0          SH:  0    Dex: 14    Spells: 3/9 levels left

rFire   . . .      SeeInvis .   (no weapon)
rCold   . . .      Faith    .   (no shield)
rNeg    . . .      Spirit   .   a - +0 robe
rPois   +          Reflect  .   (no helmet)
rElec   .          Harm     .   (no cloak)
rCorr   .          Rampage  .   (no gloves)
Will    .....                   (no boots)
Stlth   +.........              (no amulet)
HPRegen 0.11/turn               o - ring of poison resistance
MPRegen 0.11/turn               (no ring)

@: glowing
A: sense surroundings 1, otherworldly, glowing, explore regen
a: no special abilities


You were on level 6 of the Dungeon.
You visited 1 branch of the dungeon, and saw 6 of its levels.

Inventory:

Armour
 a - a +0 robe (worn)
Jewellery
 o - a ring of poison resistance (left hand)


   Skills:
 - Level 2.4 Dodging
 - Level 1.4 Stealth
 + Level 3.0 Spellcasting
 * Level 1.6 Conjurations
 - Level 1.2 Transmutations
 + Level 4.9 Earth Magic


You had 3 spell levels left.
You knew the following spells:

 Your Spells              Type           Power      Damage    Failure   Level
a - Sandblast             Erth           40%        2d10      2%          1
b - Stone Arrow           Conj/Erth      28%        3d8       13%         3
c - Passwall              Tmut/Erth      10%        N/A       7%          2

Your spell library contained the following spells:

 Spells                   Type           Power      Damage    Failure   Level
 Petrify                  Tmut/Erth      13%        N/A       41%         4


Dungeon Overview and Level Annotations

Branches:
Dungeon (6/15) Zot: 3405
 Temple: D:4-7

Altars:


Innate Abilities, Weirdness & Mutations

You passively map a small area around you.
You are easily found by Zot.
You glow in the dark.
You regain HP and MP as you explore.


Message History

This spell is quite dangerous to cast!
Memorise Stone Arrow, consuming 3 spell levels and leaving 1?
You start memorising the spell.
You continue memorising. x3
You finish memorising.
Spell assigned to 'b'.
HP restored.
Found a stone staircase leading down.
There is a stone staircase leading down here.
You climb downwards.
Found a ring mail.
Found a stone staircase leading down.
There is a stone staircase leading up here.
Found 6 gold pieces.
You see here a +0 ring mail.
As you read the scroll labelled USKOXZ AMUNU, it crumbles to dust.
It is a scroll of identify.
You don't have any unidentified items.
Found 9 stones.
There is a stone staircase leading down here.
There is a stone staircase leading down here.
You climb downwards.
Found a stone staircase leading up.
There is a stone staircase leading up here.
Found a stone staircase leading down.
A white imp comes into view.
There is a stone staircase leading up here.
The blast of sand hits the white imp but does no damage.
The blast of sand hits the white imp!
You kill the white imp!
You can't see any susceptible monsters within range! (Use Z to cast anyway.)
You climb upwards.
Magic restored.
The goblin shouts!
There is a stone staircase leading down here.
The blast of sand hits the goblin!
You kill the goblin!
A worm comes into view.
You can't see any susceptible monsters within range! (Use Z to cast anyway.)
You can't see any susceptible monsters within range! (Use Z to cast anyway.)
You can't see any susceptible monsters within range! (Use Z to cast anyway.)
Casting: Sandblast (safe; 2% risk of failure)
Confirm with . or Enter, or press ? or * to list all spells.
Aiming: Stone Arrow (quite dangerous; 16% risk of failure)
Press: ? - help, Shift-Dir - straight line, f - worm
Aim: a worm (89% to hit)
The stone arrow hits the worm!
The worm is heavily wounded.
The blast of sand hits the worm!
You kill the worm!
Your Conjurations skill increases to level 1!
You can't see any susceptible monsters within range! (Use Z to cast anyway.)
There is a stone staircase leading down here.
You climb downwards.
There is a stone staircase leading up here.
An ice beast comes into view.
There is a stone staircase leading down here.
Casting: Sandblast (safe; 2% risk of failure)
Confirm with . or Enter, or press ? or * to list all spells.
You can't see any susceptible monsters within range! (Use Z to cast anyway.) Unknown command.
Casting: Sandblast (safe; 2% risk of failure)
Confirm with . or Enter, or press ? or * to list all spells.
Aiming: Stone Arrow (quite dangerous; 16% risk of failure)
Press: ? - help, Shift-Dir - straight line, f - ice beast
Aim: an ice beast (68% to hit)
The stone arrow misses the ice beast.
Casting: Stone Arrow (quite dangerous; 16% risk of failure)
Confirm with . or Enter, or press ? or * to list all spells.
Aiming: Stone Arrow (quite dangerous; 16% risk of failure)
Press: ? - help, Shift-Dir - straight line, f/p - ice beast
Aim: an ice beast (68% to hit)
You miscast Stone Arrow.
You are very lightly contaminated with residual magic.
Nothing appears to happen.
You climb downwards.
There is a stone staircase leading up here.
Found 6 poisoned darts.
An adder comes into view.
Your magical contamination has completely faded away.
The adder hisses angrily.
The blast of sand misses the adder.
The adder bites you.
You are poisoned.
The adder poisons you!
A white imp comes into view.
The blast of sand hits the adder!
You kill the adder!
You feel sick.
The blast of sand hits the white imp.
The white imp is lightly wounded.
You feel sick.
The blast of sand hits the white imp!
The white imp is almost dead.
You feel sick.
The white imp grins evilly.
The white imp completely misses you. The white imp gestures at you.
The puff of frost hits you!
You are too injured to fight recklessly!
Casting: Sandblast (safe; 2% risk of failure)
Confirm with . or Enter, or press ? or * to list all spells.
Aiming: Stone Arrow (quite dangerous; 14% risk of failure)
Press: ? - help, Shift-Dir - straight line, f/p - white imp
Aim: a white imp (almost dead, 68% to hit)
The stone arrow hits the white imp!
You kill the white imp!
You feel sick.
Your Spellcasting skill increases to level 3!
You have reached level 4!
You feel sick.
You are no longer poisoned.
Found 12 gold pieces.
Found a robe.
An orc comes into view. It is wielding a +0 club.
Found an escape hatch in the ceiling.
The orc shouts!
You hear a shout!
Found an escape hatch in the floor.
An orc warrior comes into view. It is wielding a +0 flail.
You can't see any susceptible monsters within range! (Use Z to cast anyway.)
Found a ring mail.
The blast of sand hits the orc.
The orc is lightly wounded.
An orc comes into view. It is wielding a +0 flail.
The blast of sand hits the orc!
You kill the orc!
An orc comes into view. It is wielding a +0 flail.
Casting: Sandblast (safe; 2% risk of failure)
Confirm with . or Enter, or press ? or * to list all spells.
Aiming: Stone Arrow (quite dangerous; 13% risk of failure)
Press: ? - help, Shift-Dir - straight line, f - orc warrior
Aim: an orc warrior, wielding a +0 flail and wearing a +0 plate armour (68% to hit)
The stone arrow hits the orc warrior.
The orc warrior is lightly wounded.
The orc shouts!
Casting: Stone Arrow (quite dangerous; 13% risk of failure)
Confirm with . or Enter, or press ? or * to list all spells.
Aiming: Stone Arrow (quite dangerous; 13% risk of failure)
Press: ? - help, Shift-Dir - straight line, f/p - orc warrior
Aim: an orc warrior, wielding a +0 flail and wearing a +0 plate armour (lightly wounded, 68% to hit)
The stone arrow misses the orc warrior.
The stone arrow misses the orc.
Casting: Stone Arrow (quite dangerous; 13% risk of failure)
Confirm with . or Enter, or press ? or * to list all spells.
Aiming: Stone Arrow (quite dangerous; 13% risk of failure)
Press: ? - help, Shift-Dir - straight line, f/p - orc warrior
Aim: an orc warrior, wielding a +0 flail and wearing a +0 plate armour (lightly wounded, 68% to hit)
The stone arrow hits the orc warrior but does no damage.
The orc warrior is lightly wounded.
The orc warrior hits you with a +0 flail!!
Ouch! That really hurt!
* * * LOW HITPOINT WARNING * * *
Magic courses through your body.
The orc warrior hits you with a +0 flail!
Ouch! That really hurt!
You die...

##.##.....##.# ...#
*##.##.......##...#
,..#..#.........#
,, ..............##
............#..# ##
,
..........###.##..#
..........##.......
#....$....o.>.....#
......o..o@.....# *
,
,<......####....##
....... * #...#
.[.....* ....#
#...... * ,..## ,
#.....# ...# , ,
[... * .## * , ## ,
, ,,


You could see an orc warrior and 2 orcs.

Vanquished Creatures
  2 adders
  2 white imps
  A worm (D:4)
  A dart slug (D:3)
  An orc (D:6)
  An endoplasm (D:3)
  2 jackals (D:1)
  2 goblins
12 creatures vanquished.

Notes
Turn   | Place    | Note
-------+----------+-------------------------------------------
     0 | D:1      | sentinel the Meteoran Earth Elementalist began the quest
                  | for the Orb.
     0 | D:1      | Reached XP level 1. HP: 14/14 MP: 5/5
    45 | D:3      | Reached skill level 4 in Earth Magic
    45 | D:3      | Reached XP level 2. HP: 20/20 MP: 3/6
    80 | D:3      | Reached XP level 3. HP: 15/26 MP: 6/8
    87 | D:3      | Learned a level 2 spell: Passwall
    91 | D:3      | Learned a level 3 spell: Stone Arrow
   127 | D:5      | Entered Level 5 of the Dungeon
   142 | D:4      | Reached skill level 1 in Conjurations
   147 | D:5      | Noticed an ice beast
   165 | D:6      | Reached XP level 4. HP: 12/33 MP: 2/9
   174 | D:6      | Noticed an orc warrior
   184 | D:6      | Mangled by an orc warrior

Illustrated notes

Levels and vault maps discovered:
D:1:      lightli_molten_gateway, layout_rooms
D:2:      layout_basic, serial_rivers, chequers_serial_rivers_micro_c,
          chequers_serial_rivers_micro_a, chequers_serial_rivers_micro_a,
          chequers_serial_rivers_large_a, chequers_serial_rivers_small_3,
          chequers_serial_rivers_large_b, serial_shops, shop,
          basic_ecumenical_altar, minmay_gold_behind_fungi,
          minmay_misc_feat_pillars, nrook_campfire, minmay_pentomino_o4,
          uniq_crazy_yiuf_cottage
D:3:      layout_basic, palyth_stone_intersect, uniq_sigmund
D:4:      layout_basic, kennysheep_generic_room_3
D:5:      layout_basic, serial_shops, shop, uniq_ijyb, uniq_menkaure,
          uniq_duvessa
D:6:      layout_cave_pools, serial_shops, shop, nicolae_square_shop,
          nicolae_shop_advertising_works [nicolae_subvault_shop_adworks],
          minivault_26, nicolae_shop_firing_range, uniq_pikel

Skill      XL: |  1  2  3 |
---------------+----------+-----
Earth Magic    | 4 |  4.9
Conjurations   | 1 |  1.6
Spellcasting   | 3 |  3.0
Dodging        | |  2.4
Stealth        | |  1.4
Transmutations | |  1.2

Action                   |  1- 3 |  4- 6 || total
-------------------------+-------+-------++-------
 Cast: Sandblast         |    19 |     2 ||    21
       Stone Arrow       |     3 |     3 ||     6
  Use: Scroll            |     1 |       ||     1
       Potion            |       |     1 ||     1
Armor: Robe              |     1 |       ||     1
Dodge: Dodged            |     3 |       ||     3
